 Dungeon Crawl Stone Soup version 0.18-a0-1308-g45b86c9 (webtiles) character file.

133 RedPan the Poker (level 5, -8/38 HPs)
             Began as a Merfolk Skald on Feb 13, 2016.
             Mangled by an ogre
             ... wielding a +0 giant club
              (20 damage)
             ... on level 3 of the Dungeon.
             The game lasted 00:05:14 (2410 turns).

RedPan the Poker (Merfolk Skald)                    Turns: 2410, Time: 00:05:14

Health: -8/38      AC:  3    Str: 14    XL:     5   Next: 16%
Magic:  5/8        EV: 12    Int: 11    God:
Gold:   92         SH:  0    Dex: 13    Spells: 3 memorised, 3 levels left

rFire  . . .     SeeInvis .     n - +1 spear
rCold  . . .     Gourm    .     a - +0 robe
rNeg   . . .     Faith    .     (no shield)
rPois  .         Spirit   .     u - +0 helmet
rElec  .         Dismiss  .     (no cloak)
rCorr  .         Reflect  .     (no gloves)
SustAt .         Harm     .     (no boots)
MR     .....                    (no amulet)
Stlth  +.........               (no ring)
                                i - ring of flight

@: lethally poisoned (-8 -> -12), infused (expiring), not resistant to hostile
enchantments, very unstealthy
A: change form in water, swift swim
a: Evoke Flight


You were on level 3 of the Dungeon.
You were not hungry.

You visited 1 branch of the dungeon, and saw 3 of its levels.

You collected 92 gold pieces.

Inventory:

Hand Weapons
 n - a +1 spear (weapon)
Armour
 a - a +0 robe (worn)
 b - a +0 leather armour
 u - a +0 helmet (worn)
Jewellery
 i - a ring of flight (left hand)
Scrolls
 e - a scroll of remove curse
 p - 2 scrolls of magic mapping
Potions
 f - a potion of resistance
 g - a potion of invisibility
 h - a potion of brilliance
Books
 c - a book of Battle

   Spells                             Type                      Level
   a - Infusion                       Charms                       1
   b - Shroud of Golubria             Charms/Translocation         2
   c - Song of Slaying                Charms                       2
   d - Spectral Weapon                Hexes/Charms                 3
   e - Regeneration                   Charms/Necromancy            3
Comestibles
 d - 2 bread rations
 k - a royal jelly
 l - 3 meat rations
 o - 8 chunks of flesh
 r - a beef jerky


   Skills:
 - Level 2.1 Fighting
 + Level 5.3 Polearms
 - Level 0.6 Armour
 - Level 1.3 Dodging
 - Level 2.0 Spellcasting
 + Level 5.2 Charms


You had 3 spell levels left.
You knew the following spells:

 Your Spells              Type           Power        Failure   Level  Hunger
a - Infusion              Chrm           ##..         3%          1    ##.....
b - Song of Slaying       Chrm           ##......     6%          2    ###....
c - Shroud of Golubria    Chrm/Tloc      #.........   17%         2    ###....


Dungeon Overview and Level Annotations

Branches:
Dungeon (3/15)

Altars:
Ashenzari
Elyvilon
Qazlal
Ru


Message History

You are more poisoned.
The adder poisons you!
You puncture the adder!
You kill the adder!
You feel sick.
No target in view!
You feel sick.
You see here an adder corpse.
You butcher the adder corpse.
You feel sick.
o - 8 chunks of flesh (gained 2)
You see here an adder skeleton.
You feel sick.
Your magical infusion is running out.
You feel sick.
You feel sick.
The ogre shouts!
A bat comes into view.
You feel sick. The ogre hits you with a giant club!!
Ouch! That really hurt!
You die...

## .. . ####. . .
....############
....###............#
.......@...........##
........O..÷........#
.b..<....<...........
########.##..÷.....#
#.######..#..# #.#
..... ... ..... .##
...# .# ..##


You could see an ogre and a bat.

Vanquished Creatures
  Ijyb (D:2)
  4 adders
  2 oozes
  3 worms
  A giant gecko (D:3)
  A ball python (D:2)
  7 bats
  6 giant cockroaches
  10 goblins
  5 hobgoblins
  2 jackals (D:3)
  A quokka (D:2)
  3 giant newts
  2 kobolds (D:1)
  7 rats
55 creatures vanquished.

Notes
Turn   | Place    | Note
--------------------------------------------------------------
     0 | D:1      | RedPan the Merfolk Skald began the quest for the Orb.
     0 | D:1      | Reached XP level 1. HP: 16/16 MP: 3/3
    49 | D:1      | Reached XP level 2. HP: 17/22 MP: 5/5
    53 | D:1      | Learned a level 2 spell: Song of Slaying
    56 | D:1      | Learned a level 2 spell: Shroud of Golubria
   102 | D:1      | Found a shattered altar of Ashenzari.
   260 | D:1      | Reached skill level 4 in Charms
   477 | D:1      | Reached XP level 3. HP: 27/27 MP: 6/6
  1034 | D:2      | Noticed Ijyb
  1044 | D:2      | Killed Ijyb
  1044 | D:2      | Reached XP level 4. HP: 29/33 MP: 1/7
  1167 | D:2      | Found a stormy altar of Qazlal.
  1167 | D:2      | Noticed an air elemental
  1168 | D:2      | Noticed an earth elemental
  1168 | D:2      | Noticed a water elemental
  1168 | D:2      | Noticed a fire elemental
  1280 | D:2      | Found a sacrificial altar of Ru.
  1729 | D:2      | Reached skill level 5 in Charms
  1856 | D:2      | Found a white marble altar of Elyvilon.
  2022 | D:2      | Reached skill level 5 in Polearms
  2093 | D:3      | Noticed an ogre
  2269 | D:3      | Reached XP level 5. HP: 34/38 MP: 5/8
  2410 | D:3      | Mangled by an ogre

Vault maps used:
D:1:      onia_arrival_mini_maze_b, evilmike_ruin_ashenzari
D:2:      nicolae_qazlal_style_of_elements, nicolae_ru_sacrificial_ziggurat,
          lemuel_coloured_pillars_altar, uniq_iyjb
D:3:      lemuel_crystal_altar, first_bread, serial_curves, eino_curves_03,
          eino_curves_02, eino_curves_02, ecumenical_altar_1, tso_metal_star

Action                   |  1- 3 |  4- 6 || total
-------------------------+-------+-------++-------
Melee: Spear             |   136 |   109 ||   245
 Cast: Infusion          |     2 |     6 ||     8
       Song of Slaying   |       |     1 ||     1
  Use: Scroll            |       |     9 ||     9
 Stab: Sleeping          |     2 |     1 ||     3
  Eat: Chunk             |     1 |     4 ||     5
